Map: [TLMC14] Blackburn

Players

DRG

  • Race: Zerg Zerg

TIME (Oliveira) - Winner!

  • Race: Terran Terran

Event: DreamHack SC2 Masters Last Chance 2022

VOD

Have the link to the VOD?

Description

Time

  • Played on: Jan. 15, 2022, 12:15 p.m.
  • Length: 17:15

All games in this series

Show
View Real Time Build Order
Export as new Build Order

DRG Zerg 

Build Orders: Hatch First, Lurkers 

Get SALT Encoding   

  12  0:00  Drone  
  13  0:12  Overlord  
  13  0:17  Drone  
  14  0:30  Drone x2  
  16  0:48  Hatchery  
  15  0:51  Drone  
  15  0:54  Drone  
  17  0:58  Drone  
  18  1:09  Extractor  
  17  1:13  Spawning Pool  
  17  1:17  Drone  
  17  1:22  Drone  
  18  1:28  Drone  
  19  1:38  Drone  
  20  1:49  Drone  
  21  2:00  Queen x2  
  21  2:01  Zergling x4  
  27  2:10  Overlord  
  27  2:11  Drone  
  28  2:22  Hatchery  
  27  2:24  Drone  
  27  2:29  Drone  
  29  2:33  Drone  
  29  2:34  Drone  
  31  2:39  Queen  
  33  2:49  Metabolic Boost  
  33  2:51  Overlord  
  33  2:53  Drone  
  33  2:56  Drone  
  36  2:58  Drone  
  36  3:05  Overlord  
  36  3:09  Drone x2  
  36  3:10  Drone  
  36  3:11  Drone  
  40  3:16  Queen  
  40  3:19  Drone  
  43  3:20  Drone  
  43  3:26  Drone  
  45  3:28  Queen  
  45  3:32  Drone  
  48  3:35  Queen  
  48  3:41  Overlord  
  50  3:43  Drone  
  50  3:44  Drone  
  50  3:46  Drone x2  
  54  3:49  Drone  
  54  3:52  Drone  
  54  3:54  Queen  
  58  4:01  Drone x4  
  62  4:05  Overlord  
  62  4:07  Drone  
  63  4:11  Queen  
  63  4:13  Drone  
  66  4:18  Overlord  
  66  4:21  Overlord  
  66  4:25  Zergling x2  
  66  4:26  Zergling x2  
  66  4:27  Drone x2  
  66  4:28  Drone  
  66  4:30  Drone x2  
  73  4:35  Queen  
  73  4:38  Drone  
  76  4:43  Overlord  
  76  4:44  Drone  
  77  4:46  Drone, Evolution Chamber  
  77  4:47  Evolution Chamber  
  77  4:49  Zergling x8, Extractor  
  80  4:52  Drone  
  80  4:53  Drone  
  80  4:56  Drone  
  81  5:01  Overlord  
  81  5:03  Drone  
  81  5:06  Drone x2  
  84  5:08  Overlord  
  84  5:09  Drone x5  
  89  5:17  Zerg Melee Weapons Level 1  
  89  5:18  Hatchery  
  88  5:22  Drone  
  88  5:26  Lair  
  89  5:28  Zerg Ground Armor Level 1  
  89  5:30  Drone, Extractor  
  89  5:31  Extractor  
  89  5:32  Baneling Nest, Extractor  
  89  5:33  Overlord  
  89  5:35  Drone  
  87  5:37  Drone  
  87  5:38  Drone  
  87  5:39  Drone x2  
  87  5:40  Drone  
  87  5:42  Overlord  
  92  5:44  Drone x4  
  96  5:53  Zergling x2  
  96  5:56  Zergling x6  
  100  5:59  Zergling x6  
  100  6:02  Zergling x6  
  106  6:05  Spore Crawler  
  106  6:06  Zergling x2, Spore Crawler  
  106  6:11  Zergling x8  
  109  6:16  Zergling x2  
  110  6:20  Zergling x6  
  110  6:25  Hatchery, Centrifugal Hooks  
  112  6:29  Overlord x2  
  112  6:30  Zergling x6, Queen  
  117  6:39  Zergling x10  
  116  6:43  Overseer  
  95  6:56  Drone x7  
  95  6:57  Drone x2  
  94  7:03  Drone x3  
  95  7:09  Drone x2  
  95  7:12  Drone  
  95  7:15  Drone  
  99  7:18  Drone x2  
  101  7:25  Drone  
  101  7:26  Drone x2  
  104  7:33  Drone x4  
  105  7:47  Drone x6  
  105  7:48  Drone x3  
  105  7:51  Zerg Melee Weapons Level 2  
  102  7:55  Drone x3  
  102  7:58  Zerg Ground Armor Level 2  
  105  8:05  Zergling x12  
  111  8:09  Zergling x10  
  116  8:13  Baneling x7  
  116  8:17  Zergling x8  
  120  8:20  Zergling x2  
  120  8:21  Zergling x6  
  120  8:25  Zergling x8  
  124  8:31  Zergling x10  
  122  8:35  Zergling x14  
  122  8:39  Zergling x8  
  130  8:42  Zergling x10  
  130  8:45  Baneling x6  
  130  8:48  Zergling x6  
  136  8:53  Zergling x14  
  137  8:58  Zergling x6  
  137  9:00  Zergling x10  
  134  9:05  Pneumatized Carapace  
  134  9:07  Overseer  
  134  9:08  Zergling x10  
  134  9:09  Baneling x2  
  139  9:10  Baneling x7  
  139  9:11  Zergling x2  
  139  9:12  Zergling x2  
  141  9:18  Overlord x3  
  139  9:32  Zergling x6  
  139  9:39  Hatchery  
  139  9:43  Zergling x2  
  139  9:44  Zergling x16  
  114  9:47  Zergling x22  
  114  9:50  Zergling x8  
  114  9:51  Zergling x2  
  114  9:52  Baneling x6  
  128  9:54  Zergling x6  
  128  9:58  Zergling x8  
  131  10:07  Zergling x12  
  131  10:11  Zerg Missile Weapons Level 1, Infestation Pit, Zergling x14  
  131  10:12  Hydralisk Den  
  140  10:16  Drone x5  
  140  10:17  Extractor  
  140  10:18  Baneling x6  
  140  10:19  Baneling x2  
  144  10:23  Zergling x6  
  147  10:29  Baneling x23  
  147  10:31  Baneling x4  
  142  10:37  Zergling x10  
  142  10:42  Zergling x16  
  149  10:56  Zergling x4  
  149  10:57  Zergling x16  
  158  11:00  Zergling x10  
  158  11:01  Baneling x5  
  163  11:06  Zergling x10  
  159  11:18  Hive  
  159  11:19  Grooved Spines  
  159  11:20  Drone x9  
  159  11:22  Lurker Den, Overlord  
  167  11:25  Zergling x2  
  167  11:26  Zergling x6  
  167  11:30  Overlord x4  
  169  11:44  Burrow  
  169  11:45  Zergling x12  
  169  11:49  Baneling x2  
  169  11:53  Hydralisk x9  
  171  12:07  Baneling x8, Zergling x2  
  171  12:08  Zergling x12  
  178  12:15  Zergling x14  
  173  12:24  Hydralisk x10  
  173  12:28  Baneling x5  
  184  12:30  Seismic Spines  
  184  12:31  Muscular Augments  
  184  12:36  Zergling x2  
  184  12:37  Zergling x10  
  172  12:40  Zergling x14  
  166  12:47  Zergling x14  
  159  12:52  Drone x3  
  159  12:57  Zergling x14  
  169  13:01  Zerg Missile Weapons Level 2  
  169  13:06  Extractor x2  
  169  13:09  Baneling x10  
  167  13:17  Zergling x12  
  154  13:27  Adaptive Talons, Zergling x16  
  154  13:33  Viper x2, Extractor  
  148  13:36  Lurker x3  
  148  13:37  Zergling x14  
  148  13:38  Overseer  
  148  13:39  Overseer  
  157  13:55  Zergling x22  
  152  14:00  Zergling x22  
  152  14:01  Baneling x3  
  152  14:02  Baneling  
  163  14:07  Zerg Ground Armor Level 3, Lurker  
  163  14:08  Lurker x2  
  166  14:11  Zergling x4  
  166  14:12  Zergling x2  
  166  14:14  Zergling x10  
  174  14:20  Hatchery  
  174  14:21  Baneling x6  
  174  14:23  Zergling x10  
  141  14:34  Zergling x6  
  141  14:35  Zergling x16  
  137  14:41  Baneling x4  
  137  14:44  Lurker x5  
  142  14:47  Zergling x18  
  142  14:52  Zergling x16  
  144  15:03  Zergling x18  
  144  15:05  Hydralisk x4  
  145  15:08  Overseer x2  
  145  15:14  Hydralisk x2  
  149  15:32  Baneling x2  
  149  15:33  Baneling x6  
  149  15:35  Lurker x4  
  153  15:36  Overseer  
  153  15:38  Hydralisk  
  154  15:48  Zergling x14  
  147  15:53  Hatchery  
  147  15:55  Zergling x12  
  135  16:12  Hydralisk x5  
  143  16:19  Zergling x2  
  143  16:20  Zergling x6  
  143  16:23  Baneling x5  
  143  16:25  Lurker x3  
  148  16:27  Overseer x4  
  145  16:43  Hydralisk x6  
  154  16:49  Lurker x2  
Show
View Real Time Build Order
Export as new Build Order

TIME Terran - Winner!

Build Orders: Reaper Expand 

Get SALT Encoding   

  12  0:00  SCV  
  13  0:12  SCV  
  14  0:17  Supply Depot  
  14  0:24  SCV  
  15  0:38  SCV  
  15  0:41  Barracks  
  16  0:43  Refinery  
  16  0:50  SCV  
  17  1:02  SCV  
  18  1:14  SCV  
  19  1:28  Reaper  
  19  1:29  Orbital Command  
  20  1:41  Command Center  
  20  1:49  Supply Depot  
  20  1:56  SCV  
  20  2:00  Marine  
  22  2:08  SCV  
  23  2:13  Factory  
  23  2:20  SCV  
  23  2:22  Barracks Reactor  
  24  2:32  SCV  
  25  2:41  Command Center  
  25  2:44  SCV  
  26  2:53  Orbital Command  
  26  2:57  SCV  
  27  3:02  Starport  
  27  3:09  SCV  
  27  3:12  Refinery  
  28  3:18  Hellion  
  28  3:19  Hellion  
  32  3:20  SCV  
  32  3:23  SCV  
  32  3:25  Marine  
  35  3:33  SCV  
  36  3:35  SCV  
  36  3:39  Viking  
  39  3:42  Hellion  
  39  3:45  Hellion, SCV  
  39  3:47  SCV  
  45  3:49  Barracks Tech Lab  
  45  3:54  Orbital Command  
  45  3:58  SCV  
  45  3:59  SCV  
  47  4:04  Hellion  
  47  4:07  Hellion  
  47  4:08  Supply Depot  
  51  4:12  Liberator  
  51  4:13  Marine  
  55  4:17  SCV  
  55  4:18  SCV  
  55  4:21  SCV  
  58  4:29  SCV  
  59  4:35  Stimpack  
  59  4:36  SCV, Barracks  
  59  4:37  Factory Reactor, Marine  
  61  4:39  Barracks  
  61  4:41  SCV  
  62  4:46  SCV  
  62  4:47  Supply Depot  
  62  4:48  SCV  
  64  4:55  Marine  
  65  5:00  SCV x2  
  65  5:02  SCV, Refinery, Engineering Bay x2, Starport Reactor  
  65  5:03  Refinery  
  68  5:12  Supply Depot, SCV x2  
  68  5:13  Marine  
  71  5:15  SCV  
  71  5:19  Factory Tech Lab  
  72  5:24  SCV, Marine  
  72  5:25  Marine  
  72  5:27  SCV  
  77  5:29  Terran Infantry Weapons Level 1  
  77  5:31  Marine  
  77  5:33  Supply Depot, Marine x2  
  77  5:34  Supply Depot  
  79  5:40  Orbital Command  
  79  5:41  Medivac x2  
  83  5:45  Marine, Terran Infantry Armor Level 1  
  83  5:48  Marine  
  85  5:53  Barracks  
  85  5:54  SCV x2, Marine, Barracks  
  85  5:56  Supply Depot  
  88  5:58  Marine  
  88  6:00  Marine  
  88  6:03  Siege Tank, Marine  
  94  6:04  Supply Depot  
  94  6:05  SCV  
  94  6:06  Marine  
  94  6:08  SCV x2  
  98  6:12  Marine  
  98  6:14  Combat Shield  
  98  6:16  Marine  
  98  6:17  SCV  
  101  6:20  SCV, Marine  
  101  6:23  SCV  
  104  6:28  Marine x2  
  104  6:29  Medivac x2  
  104  6:30  SCV  
  104  6:32  SCV, Marine  
  112  6:35  SCV  
  112  6:37  Marine  
  112  6:38  Siege Tank  
  117  6:41  Marine  
  105  6:47  Marine x2  
  105  6:48  Barracks Reactor x2  
  105  6:49  SCV  
  105  6:50  SCV  
  105  6:52  SCV  
  110  6:57  Marine  
  110  6:59  Marine  
  110  7:01  SCV, Marine  
  103  7:04  Refinery  
  103  7:05  Refinery, Marine  
  103  7:06  Supply Depot, Command Center, Marine  
  103  7:07  Supply Depot, Medivac  
  103  7:10  Medivac  
  103  7:14  Siege Tank  
  103  7:15  SCV, Marine  
  106  7:16  SCV  
  106  7:17  Marine  
  106  7:19  Marine  
  109  7:23  Marine  
  109  7:24  Marine  
  109  7:25  Marine  
  109  7:26  Marine x2  
  109  7:27  Factory  
  109  7:29  Marine  
  115  7:33  Marine  
  115  7:35  Marine  
  115  7:36  SCV  
  115  7:37  Marine  
  118  7:41  Marine x2  
  120  7:47  Marine x3  
  120  7:48  Marine  
  120  7:49  Siege Tank  
  112  7:55  Marine  
  112  7:57  Marine  
  114  7:59  Marine  
  114  8:00  Marine  
  114  8:05  SCV x2, Barracks x2  
  118  8:06  Armory  
  118  8:07  Marine x2  
  118  8:08  Barracks  
  118  8:09  Marine  
  118  8:10  Marine  
  118  8:11  Medivac x2  
  118  8:12  Factory Reactor  
  126  8:15  Marine  
  127  8:21  Marine x2  
  127  8:26  Marine x2  
  128  8:27  Siege Tank  
  128  8:30  Marine x2  
  133  8:34  Supply Depot, Sensor Tower  
  133  8:35  Marine  
  133  8:36  Supply Depot  
  128  8:41  Marine  
  128  8:44  Marine x2  
  128  8:46  Marine  
  128  8:47  Marine x2  
  132  8:56  Terran Infantry Weapons Level 2, Terran Infantry Armor Level 2, Marine x2  
  132  8:57  SCV  
  132  8:58  Marine  
  132  8:59  Marine  
  132  9:02  Marine x2  
  134  9:04  Planetary Fortress, Marine  
  134  9:05  SCV  
  134  9:06  Siege Tank  
  134  9:07  Widow Mine x2  
  143  9:11  Terran Vehicle Weapons Level 1, Marine  
  143  9:16  Barracks Tech Lab x2, SCV  
  145  9:17  SCV  
  145  9:21  Barracks Tech Lab  
  146  9:24  Marine  
  146  9:31  Marine  
  146  9:32  Marine x2  
  146  9:33  Widow Mine x2  
  146  9:34  Marine  
  153  9:42  Marine x2  
  153  9:43  Marine  
  153  9:45  Marine  
  133  9:46  Marine x2  
  133  9:48  Siege Tank  
  133  9:49  SCV x2  
  133  9:50  Marine x3  
  133  9:52  Command Center  
  143  9:54  Marine x2  
  143  9:56  Widow Mine x2  
  143  9:59  Liberator  
  152  10:01  Medivac  
  152  10:02  Marine  
  155  10:08  Marine x3  
  155  10:09  Marine x2  
  155  10:14  Marine x2  
  157  10:15  Sensor Tower  
  157  10:18  Marauder x2  
  163  10:21  Marine  
  164  11:03  Medivac x2, Siege Tank, Marine x2  
  164  11:04  Marauder, Widow Mine x2  
  179  11:06  Supply Depot  
  179  11:07  Supply Depot x3  
  179  11:09  Marauder, Marine  
  179  11:10  Marauder  
  179  11:11  Command Center  
  172  11:20  Marine  
  172  11:23  Marine  
  172  11:25  Marauder, Marine  
  177  11:28  Marauder  
  179  11:33  Medivac  
  179  11:36  Marauder  
  179  11:37  Drilling Claws, Marine  
  179  11:39  Marine  
  185  11:42  Widow Mine x2, Siege Tank  
  185  11:44  Terran Infantry Weapons Level 3, Terran Infantry Armor Level 3  
  185  11:46  Terran Vehicle And Ship Armor Level 1  
  191  11:47  Marine  
  191  11:50  Planetary Fortress  
  189  11:56  Missile Turret  
  189  11:59  SCV  
  181  12:03  Command Center  
  181  12:05  Marine x3  
  181  12:07  Widow Mine x2  
  181  12:08  Medivac x2  
  192  12:09  Marauder  
  192  12:11  Marine x2  
  196  12:16  Marine x2  
  194  12:23  Marine  
  194  12:25  Marine x3  
  198  12:31  Marine x2  
  198  12:35  Command Center, Marine  
  172  12:37  Marine  
  172  12:38  Marine x2  
  172  12:39  Widow Mine, Siege Tank  
  172  12:42  Medivac x2  
  172  12:43  Ghost Academy  
  176  12:44  Marine  
  176  12:50  Marine x2  
  174  12:52  Widow Mine, Marine x3  
  174  12:53  Marauder x2  
  174  12:57  SCV x2  
  185  13:05  Marine x2  
  187  13:12  Marine  
  188  13:14  Marine  
  188  13:15  Marine  
  188  13:16  Marine x2  
  188  13:18  Siege Tank  
  188  13:19  Widow Mine x2  
  183  13:28  Marine x3  
  183  13:29  Marauder x2  
  183  13:31  Marine  
  183  13:33  Ghost x2  
  173  13:35  Medivac x2, Orbital Command x2  
  173  13:39  Marine  
  176  13:43  Marine  
  176  13:45  Widow Mine x2  
  176  13:47  Command Center  
  177  13:49  Ghost  
  167  13:56  Marine  
  167  13:59  Marine  
  167  14:00  Marine x2  
  167  14:02  Siege Tank  
  168  14:03  Ghost  
  168  14:04  Liberator, Ghost  
  168  14:05  Liberator  
  168  14:07  Orbital Command  
  168  14:08  Personal Cloaking  
  178  14:11  Widow Mine x2  
  178  14:15  SCV  
  183  14:19  Missile Turret x2  
  183  14:20  Ghost  
  183  14:22  SCV x2  
  167  14:34  Ghost x2  
  167  14:36  Concussive Shells  
  167  14:37  Siege Tank  
  167  14:40  Marine  
  167  14:41  Widow Mine x2  
  172  14:48  Marine x2  
  172  14:49  Liberator x2  
  172  14:52  Marine  
  179  15:02  Marine  
  179  15:03  Marine  
  179  15:05  SCV  
  179  15:06  Widow Mine  
  179  15:07  Widow Mine  
  154  15:08  SCV  
  154  15:09  Marine x2  
  154  15:10  Marine x2  
  154  15:12  Widow Mine  
  161  15:15  SCV  
  161  15:20  Marine x2  
  161  15:21  Missile Turret  
  163  15:22  Planetary Fortress  
  163  15:23  Ghost  
  165  15:28  Marauder  
  165  15:29  Refinery, Marine  
  165  15:30  Refinery, Marine  
  165  15:32  Medivac x2, Marine  
  165  15:33  Widow Mine x2  
  176  15:41  Sensor Tower  
  176  15:43  Marine x2  
  176  15:48  Ghost  
  176  15:55  Missile Turret  
  169  15:59  Ghost  
  169  16:09  Ghost  
  169  16:10  Marine x2  
  170  16:11  Marine  
  170  16:13  Widow Mine x2  
  170  16:14  Ghost  
  170  16:16  Marine x2  
  176  16:20  Refinery x2  
  176  16:22  Command Center  
  176  16:23  Command Center  
  173  16:25  Missile Turret  
  173  16:33  Missile Turret, Ghost  
  173  16:37  Missile Turret  
  172  16:40  Missile Turret  
  172  16:45  Widow Mine x2  
  172  16:46  Marauder x2  
  178  16:47  Marine  
  178  16:52  Marauder, Marine  
  178  16:53  Marine  

Tags
 
Add a new tag
Caveats
  • Supply blocks, unpowered buildings, or Contaminate may cause inaccurate times.
  • Supply counts are checked every 10 seconds.